AoeStats
← Divine_Fury

Yucatan

510615400Analyzed
2v2 RM · 1d ago on Oct 1, 2026· 44m 10s· 4 players
Game mode
Random Map
Map size
Medium (4 player)
Population
200
Speed
Normal
Resources
Standard
Victory
Conquest
Starting age
Dark Age
Ending age
Imperial Age
RankedLock teamsTeams togetherTeam positionsShared explorationLock speedFull tech treeHidden civsTurbo modeCheats
Victory
Defeat
🇷🇺 Britons · Russia
905
+14
🇰🇿 Spanish · Kazakhstan
853
+16
🇪🇸 Goths · Spain
880
-38
🇪🇸 Britons · Spain
836
-25
davitxi94
3:44 Loom
10:11 Feudal Age
12:17 Double-Bit Axe
12:41 Fletching
12:51 Padded Archer Armor
16:10 Wheelbarrow
19:58 Castle Age
20:01 Town Watch
20:21 Gold Mining
21:23 Pikeman
22:23 Squires
24:27 Elite Skirmisher
24:28 Crossbowman
25:07 Bodkin Arrow
25:27 Leather Archer Armor
34:26 Ballistics
34:08 Treadmill Crane
37:37 Bow Saw
37:09 Horse Collar
40:23 Imperial Age
41:58 Yeomen
pelayocu
1:40 Loom
10:33 Feudal Age
11:11 Double-Bit Axe
13:28 Man-at-Arms
17:01 Horse Collar
19:53 Castle Age
20:23 Stone Mining
20:36 Heavy Plow
20:41 Squires
20:45 Pikeman
26:30 Bow Saw
29:05 Long Swordsman
29:51 Scale Mail Armor
30:50 Wheelbarrow
30:57 Wheelbarrow
37:15 Chain Mail Armor
39:20 Anarchy
39:55 Hand Cart
40:36 Forging
42:07 Gold Mining
42:53 Stone Shaft Mining
43:01 Iron Casting
42:31 Fletching
45:46 Imperial Age
Divine_Fury
11:31 Feudal Age
12:32 Loom
17:21 Castle Age
15:34 Double-Bit Axe
16:03 Horse Collar
18:45 Wheelbarrow
24:39 Bow Saw
24:33 Heavy Plow
28:28 Fletching
28:39 Padded Archer Armor
30:31 Leather Archer Armor
30:11 Bodkin Arrow
31:03 Husbandry
31:14 Bloodlines
33:36 Hand Cart
33:07 Town Watch
36:13 Imperial Age
37:56 Ballistics
37:32 Murder Holes
39:00 Chemistry
37:56 Murder Holes
38:12 Masonry
38:34 Conscription
39:15 Town Patrol
42:26 Elite Conquistador
44:32 Ring Archer Armor
44:03 Bracer
pohuito ergo sum
0:33 Loom
11:24 Feudal Age
15:21 Castle Age
14:14 Double-Bit Axe
16:42 Bow Saw
20:01 Horse Collar
22:34 Crossbowman
23:07 Fletching
25:24 Bodkin Arrow
26:45 Wheelbarrow
25:56 Town Watch
27:53 Hand Cart
27:56 Padded Archer Armor
28:23 Ballistics
29:32 Heavy Plow
32:31 Imperial Age
32:55 Leather Archer Armor
33:25 Yeomen
34:28 Chemistry
33:33 Siege Engineers
33:33 Bracer
34:34 Two-Man Saw
34:10 Onager
35:43 Conscription
36:44 Treadmill Crane
36:55 Arrowslits
38:05 Ring Archer Armor
37:42 Elite Longbowman
43:44 Town Patrol
Connection lost

Rejoining the realm…

Still unreachable

The connection could not be restored.

Session expired

The server has moved on; the page needs a fresh start.